Providence Bruins vs Ste. Rose Royals
Created - Monday, April 24, 2023 at 11:28
Goals
|
| Providence Bruins |
1 |
0 |
1 |
2 |
| Ste. Rose Royals |
4 |
1 |
2 |
7 |
|
Shots
|
| Providence Bruins |
11 |
10 |
15 |
36 |
| Ste. Rose Royals |
15 |
16 |
14 |
45 |
|
1st period
1. Providence Bruins , John-Jason Peterka 18 (Jacob Moverare 9, Joe Veleno 25) at 1:11 (PP)
2. Ste. Rose Royals , Derek Ryan 15 (Kaapo Kakko 34) at 5:17 (PP)
3. Ste. Rose Royals , Ryan Poehling 14 (Grigori Denisenko 5, Greg Pateryn 7) at 7:43
4. Ste. Rose Royals , Colin Blackwell 15 (Noel Acciari 22, Ryan Poehling 11) at 14:41
5. Ste. Rose Royals , Matthew Peca 12 (Ryan Poehling 12, Nathan Beaulieu 14) at 17:47
Penalties :
Mike Reilly (BWK) for High sticking (Minor) at 1:01, Mark Borowiecki (BWK) for Roughing (Minor) at 2:17, Jordan Spence (PRB) for Boarding (Minor) at 5:13, Nathan Beaulieu (BWK) for Roughing (Minor) at 5:34, Greg Pateryn (BWK) for Interference (Minor) at 9:53, Nikolai Knyzhov (PRB) for Holding (Minor) at 15:04
2nd period
6. Ste. Rose Royals , Jaycob Megna 2 (Ryan Poehling 13, Matthew Peca 17) at 2:37
Penalties :
Jared McIsaac (PRB) for Slashing (Minor) at 6:10, Klim Kostin (BWK) for Fighting (Major) at 8:23, Marc Del Gaizo (PRB) for Fighting (Major) at 8:23, Nathan Beaulieu (BWK) for Fighting (Major) at 9:38, Samuel Bolduc (PRB) for Fighting (Major) at 9:38, Matthew Peca (BWK) for Holding (Minor) at 13:10, Mike Reilly (BWK) for Fighting (Major) at 18:08, Jordy Bellerive (PRB) for Fighting (Major) at 18:08
3rd period
7. Ste. Rose Royals , Kaapo Kakko 20 (Jaycob Megna 15) at 9:05
8. Ste. Rose Royals , Kaapo Kakko 21 (Joel Hanley 5, Derek Ryan 26) at 9:42
9. Providence Bruins , Jack Studnicka 14 (Joe Veleno 26) at 18:35 (PP)
Penalties :
Mark Borowiecki (BWK) for Fighting (Major) at 11:14, Cole Schwindt (PRB) for Fighting (Major) at 11:14, Jordan Spence (PRB) for High sticking (Minor) at 11:30, Klim Kostin (BWK) for Slashing (Minor) at 18:33, Mark Borowiecki (BWK) for Fighting (Major) at 19:08, Cole Schwindt (PRB) for Fighting (Major) at 19:08, Cole Schwindt (PRB) for instigated a fight (Minor) at 19:08, Cole Schwindt (PRB) for instigated a fight (10 Minutes Misconduct) at 19:08
Goalie Stats
Zachary Emond (PRB), 38 saves from 45 shots - (0.844), L, 1-11-2, 60:00 minutes
Pavel Francouz (BWK), 34 saves from 36 shots - (0.944), W, 9-3-0, 60:00 minutes
Players Stats for Providence Bruins
Player Name G A P +/- PIM S H SB GA TA FO MP PP MP PK MP
------------------------------------------------------------------------------------
Austin Wagner 0 0 0 -2 0 2 2 1 1 0 1/2 13:34 0:14 0:00
Brandon Coe 0 0 0 -2 0 0 1 0 0 2 0/0 12:22 0:14 0:00
Cole Schwindt 0 0 0 -2 22 4 2 0 0 0 0/0 18:11 3:52 1:08
Helge Grans 0 0 0 -1 0 0 0 0 0 0 0/0 2:35 0:00 0:00
Jack Studnicka 1 0 1 -2 0 3 1 2 0 0 0/1 24:46 4:02 2:10
Jacob Moverare 0 1 1 -1 0 2 0 0 0 0 0/0 20:14 3:17 2:36
Jared McIsaac 0 0 0 0 2 0 0 1 0 0 0/0 9:49 0:00 0:57
Joe Veleno 0 2 2 -2 0 1 2 1 1 0 22/47 26:24 4:02 3:39
John-Jason Peterka 1 0 1 -2 0 6 2 0 0 0 2/2 25:51 4:02 3:43
Jordan Spence 0 0 0 -4 4 5 1 1 0 2 0/0 27:15 4:54 2:52
Jordy Bellerive 0 0 0 -2 5 2 2 0 0 0 3/9 13:18 0:11 1:49
Logan Hutsko 0 0 0 -2 0 2 2 0 1 0 7/16 18:10 3:52 0:00
Marc Del Gaizo 0 0 0 -1 5 0 0 0 0 0 0/0 2:34 0:00 0:00
Mason Millman 0 0 0 0 0 0 0 0 0 0 0/0 0:50 0:00 0:00
Michal Teply 0 0 0 -2 0 3 0 0 0 0 1/1 19:53 3:52 1:15
Nick Perbix 0 0 0 -1 0 2 2 1 0 0 0/0 19:48 3:17 2:23
Nikolai Knyzhov 0 0 0 -4 2 4 4 0 0 0 0/0 27:12 4:51 2:52
Samuel Bolduc 0 0 0 0 5 0 0 2 0 0 0/0 10:13 0:00 2:04
Players Stats for Ste. Rose Royals
Player Name G A P +/- PIM S H SB GA TA FO MP PP MP PK MP
------------------------------------------------------------------------------------
Brendan Perlini 0 0 0 0 0 3 1 0 0 0 0/0 10:12 0:10 3:52
Colin Blackwell 1 0 1 1 0 3 2 0 0 0 0/0 17:29 3:28 0:00
Derek Ryan 1 1 2 2 0 3 2 0 0 0 13/20 16:16 3:06 0:00
Greg Pateryn 0 1 1 2 2 1 0 2 0 0 0/0 22:26 3:13 3:02
Grigori Denisenko 0 1 1 1 0 1 4 0 0 1 4/5 12:13 0:25 3:54
Jaycob Megna 1 1 2 1 0 3 1 1 0 0 0/0 23:37 3:39 4:03
Joel Armia 0 0 0 2 0 3 1 0 0 1 0/3 16:16 3:09 0:00
Joel Hanley 0 1 1 3 0 1 0 2 0 0 0/0 15:02 0:00 1:29
Kaapo Kakko 2 1 3 2 0 5 2 0 4 0 0/1 16:11 3:04 0:00
Klim Kostin 0 0 0 2 7 0 0 0 0 0 0/0 9:53 0:00 0:05
Kristian Vesalainen 0 0 0 0 0 0 0 0 0 0 0/0 6:17 0:00 0:02
Mark Borowiecki 0 0 0 1 12 2 2 1 0 0 0/0 19:28 1:52 2:49
Matthew Peca 1 1 2 2 2 6 0 0 0 0 11/16 14:21 0:18 2:56
Mike Reilly 0 0 0 2 7 0 0 3 0 1 0/0 21:59 3:13 4:03
Nathan Beaulieu 0 1 1 4 7 2 0 2 0 0 0/0 18:10 1:47 1:06
Noel Acciari 0 1 1 1 0 3 2 0 0 0 1/2 19:10 3:28 1:17
Ryan Poehling 1 3 4 3 0 7 1 0 0 0 1/4 15:33 0:00 4:15
Trevor Lewis 0 0 0 1 0 2 1 0 0 0 12/27 17:29 3:28 0:00
3 Stars
1 - Ryan Poehling (BWK)
2 - Kaapo Kakko (BWK)
3 - Derek Ryan (BWK)
Power Play
Providence Bruins - 2 on 6 Attempt(s) - 33.33%
Ste. Rose Royals - 1 on 5 Attempt(s) - 20.00%
Penalty Kill
Providence Bruins - 4 on 5 Attempt(s) - 80.00%
- Score 0 goal in Penalty Kill
Ste. Rose Royals - 4 on 6 Attempt(s) - 66.67%
- Score 0 goal in Penalty Kill
Team Stat
Providence Bruins - Hits : 21 - Faceoff Wins : 36 - Blocked Shots : 9 - Penalty Minutes : 45
Ste. Rose Royals - Hits : 19 - Faceoff Wins : 42 - Blocked Shots : 11 - Penalty Minutes : 37
Official
Referees : Dean Morton and Francis Charron
Linesman : Steve Barton and Brad Lazarowich
Game Notes
Klim Kostin and Marc Del Gaizo fight to a draw at 8:23 of 2nd period
Nathan Beaulieu beats up Samuel Bolduc at 9:38 of 2nd period
Mike Reilly and Jordy Bellerive fight to a draw at 18:08 of 2nd period
Mark Borowiecki and Cole Schwindt fight to a draw at 11:14 of 3rd period
Cole Schwindt beats up Mark Borowiecki at 19:08 of 3rd period
Providence Bruins
5 vs 5 Forward
Center Left Wing Right Wing Time % Phy DF OF
1 Joe Veleno John-Jason Peterka Jack Studnicka 40 1 2 2
2 Logan Hutsko Michal Teply Cole Schwindt 30 1 2 2
3 Jordy Bellerive Austin Wagner Brandon Coe 20 1 2 2
4 Joe Veleno John-Jason Peterka Jack Studnicka 10 1 2 2
5 vs 5 Defense
Defense Defense Time % Phy DF OF
1 Jordan Spence Nikolai Knyzhov 40 1 2 2
2 Jacob Moverare Nick Perbix 30 1 2 2
3 Samuel Bolduc Jared McIsaac 20 1 2 2
4 Helge Grans Marc Del Gaizo 10 1 2 2
PowerPlay Forward
Center Left Wing Right Wing Time % Phy DF OF
1 Joe Veleno John-Jason Peterka Jack Studnicka 60 1 2 2
2 Logan Hutsko Michal Teply Cole Schwindt 40 1 2 2
PowerPlay Defense
Defense Defense Time % Phy DF OF
1 Jordan Spence Nikolai Knyzhov 60 1 2 2
2 Jacob Moverare Nick Perbix 40 1 2 2
Penalty Kill 4 Players Forward
Center Wing Time % Phy DF OF
1 Joe Veleno John-Jason Peterka 60 1 2 2
2 Jack Studnicka Cole Schwindt 40 1 2 2
Penalty Kill 4 Players Defense
Defense Defense Time % Phy DF OF
1 Jordan Spence Nikolai Knyzhov 60 1 2 2
2 Jacob Moverare Nick Perbix 40 1 2 2
Penalty Kill - 3 Players Forward
Forward Time % Phy DF OF
1 Joe Veleno 60 1 2 2
2 John-Jason Peterka 40 1 2 2
Penalty Kill - 3 Players Defense
Defense Defense Time % Phy DF OF
1 Jordan Spence Nikolai Knyzhov 60 1 2 2
2 Jacob Moverare Nick Perbix 40 1 2 2
4 vs 4 Forward
Center Wing Time % Phy DF OF
1 Joe Veleno John-Jason Peterka 60 1 2 2
2 Jack Studnicka Cole Schwindt 40 1 2 2
4 vs 4 Defense
Defense Defense Time % Phy DF OF
1 Jordan Spence Nikolai Knyzhov 60 1 2 2
2 Jacob Moverare Nick Perbix 40 1 2 2
Last Minutes Offensive
Center Left Wing Right Wing Defense Defense
Joe Veleno John-Jason Peterka Jack Studnicka Jordan Spence Nikolai Knyzhov
Last Minutes Defensive
Center Left Wing Right Wing Defense Defense
Joe Veleno John-Jason Peterka Jack Studnicka Jordan Spence Nikolai Knyzhov
Goaltenders
Starting : Zachary Emond
Backup : Trent Miner
Extra Forwards
Normal : Austin Wagner, Brandon Coe, Jordy Bellerive - PP : Austin Wagner, Brandon Coe - PK : Jordy Bellerive
Extra Defensemen
Normal : Mason Millman, Samuel Bolduc, Jared McIsaac - PP : Mason Millman - PK : Samuel Bolduc, Jared McIsaac
Penalty Shots
Joe Veleno, John-Jason Peterka, Jack Studnicka, Cole Schwindt, Michal Teply
Ste. Rose Royals
5 vs 5 Forward
Center Left Wing Right Wing Time % Phy DF OF
1 Derek Ryan Joel Armia Kaapo Kakko 30 1 2 2
2 Trevor Lewis Noel Acciari Colin Blackwell 30 1 2 2
3 Matthew Peca Ryan Poehling Klim Kostin 25 1 2 2
4 Grigori Denisenko Brendan Perlini Kristian Vesalainen 15 1 2 2
5 vs 5 Defense
Defense Defense Time % Phy DF OF
1 Jaycob Megna Mark Borowiecki 35 1 2 2
2 Mike Reilly Greg Pateryn 35 1 2 2
3 Nathan Beaulieu Joel Hanley 30 1 2 2
4 Jaycob Megna Mark Borowiecki 0 1 2 2
PowerPlay Forward
Center Left Wing Right Wing Time % Phy DF OF
1 Derek Ryan Joel Armia Kaapo Kakko 50 1 2 2
2 Trevor Lewis Noel Acciari Colin Blackwell 50 1 2 2
PowerPlay Defense
Defense Defense Time % Phy DF OF
1 Jaycob Megna Mark Borowiecki 50 1 2 2
2 Mike Reilly Greg Pateryn 50 1 2 2
Penalty Kill 4 Players Forward
Center Wing Time % Phy DF OF
1 Ryan Poehling Grigori Denisenko 50 1 2 2
2 Matthew Peca Brendan Perlini 50 1 2 2
Penalty Kill 4 Players Defense
Defense Defense Time % Phy DF OF
1 Jaycob Megna Mark Borowiecki 50 1 2 2
2 Mike Reilly Greg Pateryn 50 1 2 2
Penalty Kill - 3 Players Forward
Forward Time % Phy DF OF
1 Ryan Poehling 50 1 2 2
2 Matthew Peca 50 1 2 2
Penalty Kill - 3 Players Defense
Defense Defense Time % Phy DF OF
1 Jaycob Megna Mark Borowiecki 50 1 2 2
2 Mike Reilly Greg Pateryn 50 1 2 2
4 vs 4 Forward
Center Wing Time % Phy DF OF
1 Joel Armia Derek Ryan 50 1 2 2
2 Kaapo Kakko Trevor Lewis 50 1 2 2
4 vs 4 Defense
Defense Defense Time % Phy DF OF
1 Jaycob Megna Mark Borowiecki 50 1 2 2
2 Mike Reilly Greg Pateryn 50 1 2 2
Last Minutes Offensive
Center Left Wing Right Wing Defense Defense
Derek Ryan Joel Armia Kaapo Kakko Jaycob Megna Mark Borowiecki
Last Minutes Defensive
Center Left Wing Right Wing Defense Defense
Ryan Poehling Matthew Peca Grigori Denisenko Jaycob Megna Mark Borowiecki
Goaltenders
Starting : Pavel Francouz
Backup : Chris Driedger
Extra Forwards
Normal : Grigori Denisenko, Matthew Peca, Ryan Poehling - PP : Grigori Denisenko, Matthew Peca - PK : Ryan Poehling
Extra Defensemen
Normal : Nathan Beaulieu, Joel Hanley, Mike Reilly - PP : Nathan Beaulieu - PK : Joel Hanley, Mike Reilly
Penalty Shots
Joel Armia, Derek Ryan, Kaapo Kakko, Trevor Lewis, Noel Acciari
% Time on Ice - Providence Bruins
Lines # - Real PCT - Wanted PCT - Time Play
Normal Forward
1 - 41% - 40% - 18:24
2 - 32% - 30% - 14:18
3 - 27% - 20% - 11:56
4 - 1% - 10% - 0:22
Normal Defense
1 - 44% - 40% - 19:39
2 - 31% - 30% - 14:08
3 - 19% - 20% - 8:38
4 - 6% - 10% - 2:35
PP Forward
1 - 52% - 60% - 4:16
2 - 48% - 40% - 3:52
PP Defense
1 - 60% - 60% - 4:51
2 - 40% - 40% - 3:17
PK Forward
1 - 74% - 60% - 5:06
2 - 26% - 40% - 1:46
PK Defense
1 - 65% - 60% - 4:29
2 - 35% - 40% - 2:23
PK3 Forward
1 - 0% - 60%
2 - 0% - 40%
PK3 Defense
1 - 0% - 60%
2 - 0% - 40%
44 Forward
1 - 0% - 60%
2 - 0% - 40%
44 Defense
1 - 0% - 60%
2 - 0% - 40%
Last Minute Offensive - 0:00
Last Minute Defensive - 0:00
Total
Forward - 60:00
Defense - 60:00
|
% Time on Ice - Ste. Rose Royals
Lines # - Real PCT - Wanted PCT - Time Play
Normal Forward
1 - 31% - 30% - 13:44
2 - 31% - 30% - 14:01
3 - 25% - 25% - 11:08
4 - 14% - 15% - 6:07
Normal Defense
1 - 35% - 35% - 15:55
2 - 36% - 35% - 16:12
3 - 29% - 30% - 12:53
4 - 0% - 0% - 0:00
PP Forward
1 - 50% - 50% - 3:24
2 - 50% - 50% - 3:28
PP Defense
1 - 53% - 50% - 3:39
2 - 47% - 50% - 3:13
PK Forward
1 - 47% - 50% - 3:49
2 - 53% - 50% - 4:19
PK Defense
1 - 50% - 50% - 4:03
2 - 50% - 50% - 4:05
PK3 Forward
1 - 0% - 50%
2 - 0% - 50%
PK3 Defense
1 - 0% - 50%
2 - 0% - 50%
44 Forward
1 - 0% - 50%
2 - 0% - 50%
44 Defense
1 - 0% - 50%
2 - 0% - 50%
Last Minute Offensive - 0:00
Last Minute Defensive - 0:00
Total
Forward - 60:00
Defense - 60:00
|
Play-by-Play
1st period
0:01 of 1st period - Derek Ryan wins face-off versus Joe Veleno in neutral zone.
0:12 of 1st period - Backhand shot by Kaapo Kakko.
0:12 of 1st period - Shot Misses the Net.
0:14 of 1st period - Slapshot by Jaycob Megna.
0:14 of 1st period - Deflect By Jordan Spence.
0:14 of 1st period - Stopped by Zachary Emond with a rebound.
0:16 of 1st period - Wrist shot by Mark Borowiecki.
0:16 of 1st period - Shot Misses the Net.
0:26 of 1st period - Noel Acciari is hit by Nikolai Knyzhov and loses puck.
0:53 of 1st period - Wrist shot by Jordan Spence.
0:53 of 1st period - Deflect By Jordy Bellerive.
0:53 of 1st period - Stopped by Pavel Francouz with a rebound.
1:01 of 1st period - Minor Penalty to Mike Reilly for High sticking.
1:02 of 1st period - Joe Veleno wins face-off versus Ryan Poehling in Ste. Rose Royals zone.
1:07 of 1st period - Snap shot by John-Jason Peterka.
1:07 of 1st period - Stopped by Pavel Francouz with a rebound.
1:09 of 1st period - Slapshot by Jacob Moverare.
1:09 of 1st period - Stopped by Pavel Francouz with a rebound.
1:11 of 1st period - Snap shot by John-Jason Peterka.
1:11 of 1st period - Goal by John-Jason Peterka - Providence Bruins : 1 - Ste. Rose Royals : 0.
1:12 of 1st period - Grigori Denisenko wins face-off versus Joe Veleno in neutral zone.
1:25 of 1st period - Snap shot by Brendan Perlini.
1:25 of 1st period - Stopped by Zachary Emond with a rebound.
1:27 of 1st period - Snap shot by Grigori Denisenko.
1:27 of 1st period - Stopped by Zachary Emond with a rebound.
1:39 of 1st period - Snap shot by Noel Acciari.
1:39 of 1st period - Stopped by Zachary Emond with a rebound.
1:43 of 1st period - Slapshot by Colin Blackwell.
1:43 of 1st period - Stopped by Zachary Emond with a rebound.
1:45 of 1st period - Slapshot by Greg Pateryn.
1:45 of 1st period - Stopped by Zachary Emond with a rebound.
1:47 of 1st period - Snap shot by Noel Acciari.
1:47 of 1st period - Shot Misses the Net.
2:05 of 1st period - Wrist shot by Nick Perbix.
2:05 of 1st period - Stopped by Pavel Francouz with a rebound.
2:17 of 1st period - Minor Penalty to Mark Borowiecki for Roughing.
2:18 of 1st period - Joe Veleno wins face-off versus Matthew Peca in Ste. Rose Royals zone.
2:47 of 1st period - Snap shot by Cole Schwindt.
2:47 of 1st period - Shot Misses the Net.
4:17 of 1st period - Penalty to Mark Borowiecki is over, Mark Borowiecki is back on ice.
4:26 of 1st period - Snap shot by Jordy Bellerive.
4:26 of 1st period - Shot Blocked by Joel Hanley.
4:28 of 1st period - Slapshot by Brandon Coe.
4:28 of 1st period - Shot Misses the Net.
4:30 of 1st period - Wrist shot by Jordy Bellerive.
4:30 of 1st period - Shot Blocked by Joel Hanley.
4:32 of 1st period - Wrist shot by Austin Wagner.
4:32 of 1st period - Stopped by Pavel Francouz without a rebound.
4:33 of 1st period - Derek Ryan wins face-off versus Jordy Bellerive in Ste. Rose Royals zone.
4:45 of 1st period - Snap shot by Austin Wagner.
4:45 of 1st period - Stopped by Pavel Francouz without a rebound.
4:46 of 1st period - Joe Veleno wins face-off versus Trevor Lewis in Ste. Rose Royals zone.
5:01 of 1st period - Snap shot by John-Jason Peterka.
5:01 of 1st period - Shot Misses the Net.
5:13 of 1st period - Minor Penalty to Jordan Spence for Boarding.
5:14 of 1st period - Derek Ryan wins face-off versus Joe Veleno in Providence Bruins zone.
5:17 of 1st period - Wrist shot by Derek Ryan.
5:17 of 1st period - Goal by Derek Ryan - Providence Bruins : 1 - Ste. Rose Royals : 1.
5:18 of 1st period - Logan Hutsko wins face-off versus Kaapo Kakko in neutral zone.
5:29 of 1st period - Slapshot by Cole Schwindt.
5:29 of 1st period - Shot Blocked by Nathan Beaulieu.
5:31 of 1st period - Wrist shot by Cole Schwindt.
5:31 of 1st period - Stopped by Pavel Francouz without a rebound.
5:32 of 1st period - Matthew Peca wins face-off versus Joe Veleno in Ste. Rose Royals zone.
5:34 of 1st period - Minor Penalty to Nathan Beaulieu for Roughing.
5:35 of 1st period - Ryan Poehling wins face-off versus Joe Veleno in Ste. Rose Royals zone.
5:49 of 1st period - Wrist shot by Joe Veleno.
5:49 of 1st period - Shot Misses the Net.
5:51 of 1st period - Wrist shot by Joe Veleno.
5:51 of 1st period - Shot Misses the Net.
7:26 of 1st period - Ryan Poehling is hit by Nikolai Knyzhov and loses puck.
7:31 of 1st period - Wrist shot by Jordy Bellerive.
7:31 of 1st period - Shot Blocked by Mike Reilly.
7:34 of 1st period - Penalty to Nathan Beaulieu is over, Nathan Beaulieu is back on ice.
7:43 of 1st period - Slapshot by Ryan Poehling.
7:43 of 1st period - Goal by Ryan Poehling - Providence Bruins : 1 - Ste. Rose Royals : 2.
7:44 of 1st period - Trevor Lewis wins face-off versus Joe Veleno in neutral zone.
7:55 of 1st period - Wrist shot by Jack Studnicka.
7:55 of 1st period - Stopped by Pavel Francouz without a rebound.
7:56 of 1st period - Joe Veleno wins face-off versus Trevor Lewis in Ste. Rose Royals zone.
7:57 of 1st period - Slapshot by John-Jason Peterka.
7:57 of 1st period - Stopped by Pavel Francouz without a rebound.
7:58 of 1st period - Trevor Lewis wins face-off versus Joe Veleno in Ste. Rose Royals zone.
8:08 of 1st period - Off-side.
8:09 of 1st period - Michal Teply wins face-off versus Matthew Peca in neutral zone.
8:12 of 1st period - Mark Borowiecki is hit by Logan Hutsko.
8:20 of 1st period - Slapshot by Michal Teply.
8:20 of 1st period - Stopped by Pavel Francouz with a rebound.
8:24 of 1st period - Snap shot by Cole Schwindt.
8:24 of 1st period - Shot Misses the Net.
8:34 of 1st period - Jaycob Megna is hit by John-Jason Peterka and loses puck.
9:53 of 1st period - Minor Penalty to Greg Pateryn for Interference.
9:54 of 1st period - Matthew Peca wins face-off versus Joe Veleno in Ste. Rose Royals zone.
10:21 of 1st period - Logan Hutsko is hit by Grigori Denisenko and loses puck.
11:27 of 1st period - Jack Studnicka is hit by Grigori Denisenko and loses puck.
11:53 of 1st period - Penalty to Greg Pateryn is over, Greg Pateryn is back on ice.
12:19 of 1st period - Brandon Coe is hit by Colin Blackwell and loses puck.
12:58 of 1st period - Joe Veleno is hit by Noel Acciari and loses puck.
13:08 of 1st period - Icing by Colin Blackwell.
13:09 of 1st period - Logan Hutsko wins face-off versus Trevor Lewis in Ste. Rose Royals zone.
13:10 of 1st period - Snap shot by Cole Schwindt.
13:10 of 1st period - Shot Misses the Net.
13:50 of 1st period - Off-side.
13:51 of 1st period - Matthew Peca wins face-off versus Jordy Bellerive in neutral zone.
13:54 of 1st period - Snap shot by Ryan Poehling.
13:54 of 1st period - Shot Misses the Net.
13:56 of 1st period - Slapshot by Mark Borowiecki.
13:56 of 1st period - Stopped by Zachary Emond with a rebound.
14:07 of 1st period - Icing by Ryan Poehling.
14:08 of 1st period - Joe Veleno wins face-off versus Matthew Peca in Ste. Rose Royals zone.
14:39 of 1st period - Wrist shot by Colin Blackwell.
14:39 of 1st period - Stopped by Zachary Emond with a rebound.
14:41 of 1st period - Snap shot by Colin Blackwell.
14:41 of 1st period - Goal by Colin Blackwell - Providence Bruins : 1 - Ste. Rose Royals : 3.
14:42 of 1st period - Joe Veleno wins face-off versus Trevor Lewis in neutral zone.
14:55 of 1st period - Snap shot by Noel Acciari.
14:55 of 1st period - Stopped by Zachary Emond without a rebound.
14:56 of 1st period - Derek Ryan wins face-off versus Logan Hutsko in Providence Bruins zone.
14:59 of 1st period - Snap shot by Kaapo Kakko.
14:59 of 1st period - Stopped by Zachary Emond without a rebound.
15:00 of 1st period - Derek Ryan wins face-off versus Logan Hutsko in Providence Bruins zone.
15:04 of 1st period - Minor Penalty to Nikolai Knyzhov for Holding.
15:05 of 1st period - Joe Veleno wins face-off versus Trevor Lewis in Providence Bruins zone.
16:25 of 1st period - Noel Acciari is hit by Jack Studnicka.
16:49 of 1st period - Jacob Moverare is hit by Kaapo Kakko.
17:04 of 1st period - Penalty to Nikolai Knyzhov is over, Nikolai Knyzhov is back on ice.
17:16 of 1st period - Off-side.
17:17 of 1st period - Grigori Denisenko wins face-off versus Logan Hutsko in neutral zone.
17:43 of 1st period - Snap shot by Ryan Poehling.
17:43 of 1st period - Shot Misses the Net.
17:45 of 1st period - Snap shot by Matthew Peca.
17:45 of 1st period - Stopped by Zachary Emond with a rebound.
17:47 of 1st period - Slapshot by Matthew Peca.
17:47 of 1st period - Goal by Matthew Peca - Providence Bruins : 1 - Ste. Rose Royals : 4.
17:48 of 1st period - Derek Ryan wins face-off versus Joe Veleno in neutral zone.
18:01 of 1st period - Wrist shot by Derek Ryan.
18:01 of 1st period - Shot Misses the Net.
18:03 of 1st period - Snap shot by Kaapo Kakko.
18:03 of 1st period - Shot Blocked by Nick Perbix.
18:15 of 1st period - Nick Perbix is hit by Jaycob Megna and loses puck.
18:43 of 1st period - Snap shot by Ryan Poehling.
18:43 of 1st period - Shot Hit the Post.
19:03 of 1st period - Slapshot by Jack Studnicka.
19:03 of 1st period - Shot Misses the Net.
19:09 of 1st period - Joel Hanley is hit by Nikolai Knyzhov and loses puck.
19:16 of 1st period - Jack Studnicka is hit by Brendan Perlini.
19:25 of 1st period - Off-side.
19:26 of 1st period - Logan Hutsko wins face-off versus Joel Armia in neutral zone.
19:50 of 1st period - Off-side.
19:51 of 1st period - Trevor Lewis wins face-off versus Jordy Bellerive in neutral zone.
Goals for this period are 1 for Providence Bruins vs 4 for Ste. Rose Royals.
Shots for this period are 11 for Providence Bruins vs 15 for Ste. Rose Royals.
2nd period
0:01 of 2nd period - Trevor Lewis wins face-off versus Joe Veleno in neutral zone.
0:37 of 2nd period - Slapshot by Nikolai Knyzhov.
0:37 of 2nd period - Stopped by Pavel Francouz without a rebound.
0:38 of 2nd period - Derek Ryan wins face-off versus Joe Veleno in Ste. Rose Royals zone.
0:45 of 2nd period - Slapshot by Joel Armia.
0:45 of 2nd period - Stopped by Zachary Emond with a rebound.
0:47 of 2nd period - Snap shot by Greg Pateryn.
0:47 of 2nd period - Deflect By Kaapo Kakko.
0:47 of 2nd period - Stopped by Zachary Emond without a rebound.
0:48 of 2nd period - Joe Veleno wins face-off versus Derek Ryan in Providence Bruins zone.
0:48 of 2nd period - Joe Veleno is hit by Kaapo Kakko.
1:04 of 2nd period - Slapshot by Derek Ryan.
1:04 of 2nd period - Stopped by Zachary Emond with a rebound.
1:06 of 2nd period - Wrist shot by Derek Ryan.
1:06 of 2nd period - Stopped by Zachary Emond without a rebound.
1:07 of 2nd period - Matthew Peca wins face-off versus Logan Hutsko in Providence Bruins zone.
1:32 of 2nd period - Jacob Moverare is hit by Derek Ryan and loses puck.
1:59 of 2nd period - Derek Ryan is hit by Jordy Bellerive and loses puck.
2:35 of 2nd period - Snap shot by Ryan Poehling.
2:35 of 2nd period - Stopped by Zachary Emond with a rebound.
2:37 of 2nd period - Backhand shot by Jaycob Megna.
2:37 of 2nd period - Goal by Jaycob Megna - Providence Bruins : 1 - Ste. Rose Royals : 5.
2:38 of 2nd period - Joe Veleno wins face-off versus Trevor Lewis in neutral zone.
2:44 of 2nd period - Snap shot by Joe Veleno.
2:44 of 2nd period - Deflect By John-Jason Peterka.
2:44 of 2nd period - Stopped by Pavel Francouz without a rebound.
2:45 of 2nd period - Joe Veleno wins face-off versus Trevor Lewis in Ste. Rose Royals zone.
2:52 of 2nd period - Slapshot by John-Jason Peterka.
2:52 of 2nd period - Deflect By Trevor Lewis.
2:52 of 2nd period - Stopped by Pavel Francouz without a rebound.
2:53 of 2nd period - Matthew Peca wins face-off versus Joe Veleno in Ste. Rose Royals zone.
3:46 of 2nd period - Snap shot by Brandon Coe.
3:46 of 2nd period - Shot Blocked by Jaycob Megna.
3:52 of 2nd period - Colin Blackwell is hit by Nick Perbix.
4:14 of 2nd period - Icing by Grigori Denisenko.
4:15 of 2nd period - Matthew Peca wins face-off versus Logan Hutsko in Ste. Rose Royals zone.
4:26 of 2nd period - Wrist shot by Ryan Poehling.
4:26 of 2nd period - Shot Misses the Net.
4:28 of 2nd period - Slapshot by Mark Borowiecki.
4:28 of 2nd period - Stopped by Zachary Emond with a rebound.
4:42 of 2nd period - Joel Armia is hit by Joe Veleno.
5:22 of 2nd period - Snap shot by Joel Armia.
5:22 of 2nd period - Shot Blocked by Austin Wagner.
5:32 of 2nd period - Joel Armia is hit by Brandon Coe and loses puck.
5:48 of 2nd period - Off-side.
5:49 of 2nd period - Trevor Lewis wins face-off versus Joe Veleno in neutral zone.
6:10 of 2nd period - Minor Penalty to Jared McIsaac for Slashing.
6:11 of 2nd period - Trevor Lewis wins face-off versus Joe Veleno in Providence Bruins zone.
6:14 of 2nd period - Wrist shot by Noel Acciari.
6:14 of 2nd period - Stopped by Zachary Emond with a rebound.
8:10 of 2nd period - Penalty to Jared McIsaac is over, Jared McIsaac is back on ice.
8:18 of 2nd period - Off-side.
8:19 of 2nd period - Matthew Peca wins face-off versus Jordy Bellerive in neutral zone.
8:22 of 2nd period - Wrist shot by Ryan Poehling.
8:22 of 2nd period - Stopped by Zachary Emond with a rebound.
8:23 of 2nd period - Klim Kostin and Marc Del Gaizo fight to a draw.
8:23 of 2nd period - Penalty to Klim Kostin for Fighting.
8:23 of 2nd period - Penalty to Marc Del Gaizo for Fighting.
8:24 of 2nd period - Logan Hutsko wins face-off versus Noel Acciari in Providence Bruins zone.
9:31 of 2nd period - Jaycob Megna is hit by Cole Schwindt and loses puck.
9:35 of 2nd period - Icing by Jaycob Megna.
9:36 of 2nd period - Grigori Denisenko wins face-off versus Joe Veleno in Ste. Rose Royals zone.
9:38 of 2nd period - Nathan Beaulieu beats up Samuel Bolduc.
9:38 of 2nd period - Penalty to Nathan Beaulieu for Fighting.
9:38 of 2nd period - Penalty to Samuel Bolduc for Fighting.
9:39 of 2nd period - Trevor Lewis wins face-off versus Joe Veleno in neutral zone.
9:42 of 2nd period - Snap shot by Trevor Lewis.
9:42 of 2nd period - Shot Blocked by Jordan Spence.
9:54 of 2nd period - Wrist shot by Noel Acciari.
9:54 of 2nd period - Shot Misses the Net.
11:12 of 2nd period - Wrist shot by Cole Schwindt.
11:12 of 2nd period - Stopped by Pavel Francouz with a rebound.
11:14 of 2nd period - Slapshot by Michal Teply.
11:14 of 2nd period - Stopped by Pavel Francouz without a rebound.
11:15 of 2nd period - Logan Hutsko wins face-off versus Grigori Denisenko in Ste. Rose Royals zone.
11:16 of 2nd period - Slapshot by Cole Schwindt.
11:16 of 2nd period - Deflect By Logan Hutsko.
11:16 of 2nd period - Shot Hit the Post.
11:16 of 2nd period - Puck is out of play.
11:17 of 2nd period - Grigori Denisenko wins face-off versus Logan Hutsko in Ste. Rose Royals zone.
11:49 of 2nd period - Snap shot by Logan Hutsko.
11:49 of 2nd period - Deflect By Mark Borowiecki.
11:49 of 2nd period - Shot Misses the Net.
11:49 of 2nd period - Puck is out of play.
11:50 of 2nd period - Trevor Lewis wins face-off versus Joe Veleno in Ste. Rose Royals zone.
12:03 of 2nd period - Snap shot by Noel Acciari.
12:03 of 2nd period - Shot Misses the Net.
12:05 of 2nd period - Wrist shot by Trevor Lewis.
12:05 of 2nd period - Stopped by Zachary Emond with a rebound.
12:26 of 2nd period - Jordan Spence is hit by Grigori Denisenko and loses puck.
12:42 of 2nd period - Wrist shot by Cole Schwindt.
12:42 of 2nd period - Stopped by Pavel Francouz with a rebound.
12:44 of 2nd period - Slapshot by Jordan Spence.
12:44 of 2nd period - Shot Blocked by Greg Pateryn.
12:58 of 2nd period - Jacob Moverare is hit by Colin Blackwell and loses puck.
13:04 of 2nd period - Off-side.
13:05 of 2nd period - Jordy Bellerive wins face-off versus Matthew Peca in neutral zone.
13:08 of 2nd period - Snap shot by Brandon Coe.
13:08 of 2nd period - Shot Misses the Net.
13:10 of 2nd period - Minor Penalty to Matthew Peca for Holding.
13:11 of 2nd period - Joe Veleno wins face-off versus Ryan Poehling in Ste. Rose Royals zone.
13:23 of 2nd period - Penalty to Klim Kostin is over, Klim Kostin is back on ice.
14:05 of 2nd period - Slapshot by Jordan Spence.
14:05 of 2nd period - Shot Blocked by Greg Pateryn.
14:29 of 2nd period - Snap shot by Cole Schwindt.
14:29 of 2nd period - Stopped by Pavel Francouz with a rebound.
14:31 of 2nd period - Wrist shot by Nikolai Knyzhov.
14:31 of 2nd period - Stopped by Pavel Francouz without a rebound.
14:32 of 2nd period - Noel Acciari wins face-off versus Joe Veleno in Ste. Rose Royals zone.
14:38 of 2nd period - Penalty to Nathan Beaulieu is over, Nathan Beaulieu is back on ice.
14:43 of 2nd period - Wrist shot by Joe Veleno.
14:43 of 2nd period - Shot Misses the Net.
14:45 of 2nd period - Wrist shot by Joe Veleno.
14:45 of 2nd period - Shot Blocked by Mark Borowiecki.
14:47 of 2nd period - Slapshot by John-Jason Peterka.
14:47 of 2nd period - Shot Misses the Net.
15:10 of 2nd period - Penalty to Matthew Peca is over, Matthew Peca is back on ice.
15:14 of 2nd period - Off-side.
15:15 of 2nd period - Derek Ryan wins face-off versus Jordy Bellerive in neutral zone.
15:20 of 2nd period - Snap shot by Kaapo Kakko.
15:20 of 2nd period - Shot Hit the Post.
15:22 of 2nd period - Slapshot by Joel Hanley.
15:22 of 2nd period - Stopped by Zachary Emond with a rebound.
15:24 of 2nd period - Wrist shot by Joel Hanley.
15:24 of 2nd period - Shot Blocked by Jared McIsaac.
15:26 of 2nd period - Slapshot by Joel Armia.
15:26 of 2nd period - Stopped by Zachary Emond with a rebound.
15:28 of 2nd period - Slapshot by Joel Armia.
15:28 of 2nd period - Shot Blocked by Samuel Bolduc.
15:30 of 2nd period - Wrist shot by Nathan Beaulieu.
15:30 of 2nd period - Stopped by Zachary Emond without a rebound.
15:31 of 2nd period - Logan Hutsko wins face-off versus Trevor Lewis in Providence Bruins zone.
15:40 of 2nd period - Trevor Lewis is hit by Nikolai Knyzhov and loses puck.
16:01 of 2nd period - Wrist shot by Ryan Poehling.
16:01 of 2nd period - Shot Blocked by Jack Studnicka.
16:35 of 2nd period - Wrist shot by Logan Hutsko.
16:35 of 2nd period - Stopped by Pavel Francouz with a rebound.
16:37 of 2nd period - Slapshot by Nick Perbix.
16:37 of 2nd period - Stopped by Pavel Francouz with a rebound.
17:19 of 2nd period - Snap shot by Colin Blackwell.
17:19 of 2nd period - Shot Blocked by Samuel Bolduc.
17:55 of 2nd period - Slapshot by Matthew Peca.
17:55 of 2nd period - Shot Misses the Net.
17:57 of 2nd period - Snap shot by Matthew Peca.
17:57 of 2nd period - Stopped by Zachary Emond with a rebound.
17:59 of 2nd period - Snap shot by Matthew Peca.
17:59 of 2nd period - Stopped by Zachary Emond without a rebound.
18:00 of 2nd period - Jordy Bellerive wins face-off versus Trevor Lewis in Providence Bruins zone.
18:08 of 2nd period - Mike Reilly and Jordy Bellerive fight to a draw.
18:08 of 2nd period - Penalty to Mike Reilly for Fighting.
18:08 of 2nd period - Penalty to Jordy Bellerive for Fighting.
18:09 of 2nd period - Joe Veleno wins face-off versus Trevor Lewis in Providence Bruins zone.
18:34 of 2nd period - Logan Hutsko is hit by Joel Armia and loses puck.
19:23 of 2nd period - Wrist shot by Trevor Lewis.
19:23 of 2nd period - Shot Misses the Net.
19:42 of 2nd period - Mark Borowiecki is hit by Cole Schwindt and loses puck.
19:51 of 2nd period - Slapshot by Jaycob Megna.
19:51 of 2nd period - Stopped by Zachary Emond with a rebound.
Goals for this period are 0 for Providence Bruins vs 1 for Ste. Rose Royals.
Shots for this period are 10 for Providence Bruins vs 16 for Ste. Rose Royals.
3rd period
0:01 of 3rd period - Joe Veleno wins face-off versus Derek Ryan in neutral zone.
0:25 of 3rd period - Joel Hanley is hit by Austin Wagner and loses puck.
0:30 of 3rd period - Snap shot by Joe Veleno.
0:30 of 3rd period - Shot Misses the Net.
0:50 of 3rd period - Snap shot by Logan Hutsko.
0:50 of 3rd period - Shot Blocked by Nathan Beaulieu.
1:02 of 3rd period - Snap shot by Trevor Lewis.
1:02 of 3rd period - Stopped by Zachary Emond with a rebound.
1:16 of 3rd period - Noel Acciari is hit by Austin Wagner and loses puck.
1:49 of 3rd period - Snap shot by Michal Teply.
1:49 of 3rd period - Stopped by Pavel Francouz without a rebound.
1:50 of 3rd period - Matthew Peca wins face-off versus Logan Hutsko in Ste. Rose Royals zone.
3:21 of 3rd period - Icing by Jordy Bellerive.
3:22 of 3rd period - Derek Ryan wins face-off versus Jordy Bellerive in Providence Bruins zone.
4:11 of 3rd period - Austin Wagner is hit by Grigori Denisenko.
4:26 of 3rd period - Snap shot by Joe Veleno.
4:26 of 3rd period - Stopped by Pavel Francouz without a rebound.
4:27 of 3rd period - Joe Veleno wins face-off versus Derek Ryan in Ste. Rose Royals zone.
4:28 of 3rd period - Snap shot by John-Jason Peterka.
4:28 of 3rd period - Stopped by Pavel Francouz without a rebound.
4:29 of 3rd period - Derek Ryan wins face-off versus Joe Veleno in Ste. Rose Royals zone.
5:50 of 3rd period - Wrist shot by Jacob Moverare.
5:50 of 3rd period - Stopped by Pavel Francouz with a rebound.
5:52 of 3rd period - Snap shot by Jordy Bellerive.
5:52 of 3rd period - Shot Blocked by Mike Reilly.
5:54 of 3rd period - Wrist shot by Jordy Bellerive.
5:54 of 3rd period - Stopped by Pavel Francouz with a rebound.
6:14 of 3rd period - Slapshot by Ryan Poehling.
6:14 of 3rd period - Stopped by Zachary Emond with a rebound.
6:16 of 3rd period - Slapshot by Mike Reilly.
6:16 of 3rd period - Deflect By Ryan Poehling.
6:16 of 3rd period - Stopped by Zachary Emond with a rebound.
6:18 of 3rd period - Wrist shot by Matthew Peca.
6:18 of 3rd period - Stopped by Zachary Emond without a rebound.
6:19 of 3rd period - Jordy Bellerive wins face-off versus Joel Armia in Providence Bruins zone.
7:01 of 3rd period - Wrist shot by Ryan Poehling.
7:01 of 3rd period - Stopped by Zachary Emond with a rebound.
7:03 of 3rd period - Slapshot by Nathan Beaulieu.
7:03 of 3rd period - Stopped by Zachary Emond with a rebound.
7:05 of 3rd period - Snap shot by Matthew Peca.
7:05 of 3rd period - Stopped by Zachary Emond with a rebound.
7:30 of 3rd period - Backhand shot by Jordan Spence.
7:30 of 3rd period - Stopped by Pavel Francouz without a rebound.
7:31 of 3rd period - Derek Ryan wins face-off versus Joe Veleno in Ste. Rose Royals zone.
7:45 of 3rd period - Snap shot by Joe Veleno.
7:45 of 3rd period - Shot Misses the Net.
7:47 of 3rd period - Slapshot by Jordan Spence.
7:47 of 3rd period - Stopped by Pavel Francouz with a rebound.
8:29 of 3rd period - Jack Studnicka is hit by Noel Acciari and loses puck.
9:00 of 3rd period - Michal Teply is hit by Mark Borowiecki and loses puck.
9:05 of 3rd period - Snap shot by Kaapo Kakko.
9:05 of 3rd period - Goal by Kaapo Kakko - Providence Bruins : 1 - Ste. Rose Royals : 6.
9:06 of 3rd period - Joe Veleno wins face-off versus Trevor Lewis in neutral zone.
9:09 of 3rd period - Snap shot by Nikolai Knyzhov.
9:09 of 3rd period - Stopped by Pavel Francouz without a rebound.
9:10 of 3rd period - Trevor Lewis wins face-off versus Joe Veleno in Ste. Rose Royals zone.
9:10 of 3rd period - Trevor Lewis is hit by Joe Veleno.
9:20 of 3rd period - Joe Veleno is hit by Mark Borowiecki and loses puck.
9:26 of 3rd period - Icing by Nikolai Knyzhov.
9:27 of 3rd period - Joe Veleno wins face-off versus Derek Ryan in Providence Bruins zone.
9:32 of 3rd period - Slapshot by Derek Ryan.
9:32 of 3rd period - Shot Misses the Net.
9:34 of 3rd period - Snap shot by Kaapo Kakko.
9:34 of 3rd period - Shot Misses the Net.
9:36 of 3rd period - Wrist shot by Joel Armia.
9:36 of 3rd period - Shot Blocked by Joe Veleno.
9:38 of 3rd period - Slapshot by Joel Armia.
9:38 of 3rd period - Stopped by Zachary Emond with a rebound.
9:40 of 3rd period - Slapshot by Derek Ryan.
9:40 of 3rd period - Shot Blocked by Jack Studnicka.
9:42 of 3rd period - Slapshot by Joel Hanley.
9:42 of 3rd period - Deflect By Kaapo Kakko.
9:42 of 3rd period - Goal by Kaapo Kakko - Providence Bruins : 1 - Ste. Rose Royals : 7.
9:43 of 3rd period - Joe Veleno wins face-off versus Derek Ryan in neutral zone.
10:08 of 3rd period - Jaycob Megna is hit by Jordan Spence and loses puck.
10:17 of 3rd period - Slapshot by Jordan Spence.
10:17 of 3rd period - Stopped by Pavel Francouz without a rebound.
10:18 of 3rd period - Matthew Peca wins face-off versus Joe Veleno in Ste. Rose Royals zone.
11:07 of 3rd period - Snap shot by Brendan Perlini.
11:07 of 3rd period - Stopped by Zachary Emond with a rebound.
11:09 of 3rd period - Slapshot by Jaycob Megna.
11:09 of 3rd period - Shot Misses the Net.
11:14 of 3rd period - Mark Borowiecki and Cole Schwindt fight to a draw.
11:14 of 3rd period - Penalty to Mark Borowiecki for Fighting.
11:14 of 3rd period - Penalty to Cole Schwindt for Fighting.
11:15 of 3rd period - John-Jason Peterka wins face-off versus Derek Ryan in neutral zone.
11:30 of 3rd period - Minor Penalty to Jordan Spence for High sticking.
11:31 of 3rd period - Trevor Lewis wins face-off versus Joe Veleno in Providence Bruins zone.
13:30 of 3rd period - Penalty to Jordan Spence is over, Jordan Spence is back on ice.
13:38 of 3rd period - Snap shot by Ryan Poehling.
13:38 of 3rd period - Stopped by Zachary Emond without a rebound.
13:39 of 3rd period - Matthew Peca wins face-off versus Logan Hutsko in Providence Bruins zone.
13:42 of 3rd period - Wrist shot by Matthew Peca.
13:42 of 3rd period - Shot Misses the Net.
13:44 of 3rd period - Snap shot by Ryan Poehling.
13:44 of 3rd period - Deflect By Michal Teply.
13:44 of 3rd period - Shot Misses the Net.
13:44 of 3rd period - Puck is out of play.
13:45 of 3rd period - Matthew Peca wins face-off versus Austin Wagner in Providence Bruins zone.
13:53 of 3rd period - Off-side.
13:54 of 3rd period - John-Jason Peterka wins face-off versus Matthew Peca in neutral zone.
14:07 of 3rd period - Snap shot by Jack Studnicka.
14:07 of 3rd period - Stopped by Pavel Francouz without a rebound.
14:08 of 3rd period - Austin Wagner wins face-off versus Trevor Lewis in Ste. Rose Royals zone.
14:15 of 3rd period - Slapshot by Jordan Spence.
14:15 of 3rd period - Stopped by Pavel Francouz with a rebound.
14:17 of 3rd period - Snap shot by Michal Teply.
14:17 of 3rd period - Shot Misses the Net.
14:19 of 3rd period - Slapshot by Nikolai Knyzhov.
14:19 of 3rd period - Stopped by Pavel Francouz without a rebound.
14:20 of 3rd period - Joe Veleno wins face-off versus Derek Ryan in Ste. Rose Royals zone.
14:25 of 3rd period - Slapshot by John-Jason Peterka.
14:25 of 3rd period - Shot Blocked by Mike Reilly.
14:35 of 3rd period - Mike Reilly is hit by Nick Perbix and loses puck.
14:50 of 3rd period - Wrist shot by Logan Hutsko.
14:50 of 3rd period - Stopped by Pavel Francouz without a rebound.
14:51 of 3rd period - Logan Hutsko wins face-off versus Trevor Lewis in Ste. Rose Royals zone.
14:56 of 3rd period - Slapshot by Jordan Spence.
14:56 of 3rd period - Stopped by Pavel Francouz without a rebound.
14:57 of 3rd period - Derek Ryan wins face-off versus Joe Veleno in Ste. Rose Royals zone.
15:02 of 3rd period - Slapshot by Joel Armia.
15:02 of 3rd period - Deflect By Kaapo Kakko.
15:02 of 3rd period - Stopped by Zachary Emond without a rebound.
15:03 of 3rd period - Joe Veleno wins face-off versus Joel Armia in Providence Bruins zone.
15:29 of 3rd period - Trevor Lewis is hit by Logan Hutsko and loses puck.
15:42 of 3rd period - Nick Perbix is hit by Trevor Lewis and loses puck.
15:55 of 3rd period - Matthew Peca is hit by Jordy Bellerive and loses puck.
16:12 of 3rd period - Jack Studnicka is hit by Derek Ryan.
16:16 of 3rd period - Joel Armia is hit by John-Jason Peterka and loses puck.
17:21 of 3rd period - Austin Wagner is hit by Ryan Poehling and loses puck.
17:44 of 3rd period - Snap shot by Brendan Perlini.
17:44 of 3rd period - Stopped by Zachary Emond with a rebound.
17:46 of 3rd period - Slapshot by Nathan Beaulieu.
17:46 of 3rd period - Deflect By Kristian Vesalainen.
17:46 of 3rd period - Shot Misses the Net.
17:46 of 3rd period - Puck is out of play.
17:47 of 3rd period - Joe Veleno wins face-off versus Trevor Lewis in Providence Bruins zone.
18:33 of 3rd period - Minor Penalty to Klim Kostin for Slashing.
18:34 of 3rd period - Joe Veleno wins face-off versus Ryan Poehling in Ste. Rose Royals zone.
18:35 of 3rd period - Wrist shot by Jack Studnicka.
18:35 of 3rd period - Goal by Jack Studnicka - Providence Bruins : 2 - Ste. Rose Royals : 7.
18:36 of 3rd period - Joe Veleno wins face-off versus Trevor Lewis in neutral zone.
18:43 of 3rd period - Off-side.
18:44 of 3rd period - Trevor Lewis wins face-off versus Jack Studnicka in neutral zone.
19:02 of 3rd period - Slapshot by Jack Studnicka.
19:02 of 3rd period - Shot Misses the Net.
19:07 of 3rd period - Off-side.
19:08 of 3rd period - Derek Ryan wins face-off versus Logan Hutsko in neutral zone.
19:08 of 3rd period - Cole Schwindt beats up Mark Borowiecki.
19:08 of 3rd period - Penalty to Mark Borowiecki for Fighting.
19:08 of 3rd period - Penalty to Cole Schwindt for Fighting.
19:08 of 3rd period - Penalty to Cole Schwindt for instigated a fight.
19:08 of 3rd period - Penalty to Cole Schwindt for instigated a fight.
19:09 of 3rd period - Trevor Lewis wins face-off versus Joe Veleno in neutral zone.
Goals for this period are 1 for Providence Bruins vs 2 for Ste. Rose Royals.
Shots for this period are 15 for Providence Bruins vs 14 for Ste. Rose Royals.
Back to the Top